SAA
PHOENIX HOTSPUR YOUTH @ NORTHVILLE ECLIPSE
06/16/2038
 
TOP OF THE 1ST
Phoenix Hotspur Youth batting - Pitching for Northville Eclipse : LHP Ryson Polonius
Pitching: LHP Ryson Polonius
Batting: LHB Carel Oskamp 0-0: Called Strike
0-1: Called Strike
0-2: Ball
1-2: Foul Ball, location: 2F
1-2: Foul Ball, location: 2F
1-2: Strikes out looking
Batting: RHB Hal Larson 0-0: Foul Ball, location: 2F
0-1: Ball
1-1: Ball
2-1: Ground out 2-3 (Groundball, 15S, EV 69.4 MPH)
Batting: RHB Peer Kattenberg 0-0: SINGLE (Flyball, 8RS, EV 85.0 MPH)
Batting: RHB Eugene McClellan 0-0: Ball
Pickoff Throw by Catcher to First - Out!
Top of the 1st over - 0 runs, 1 hit, 0 errors, 0 left on base; Phoenix Hotspur 0 - Northville 0
BOTTOM OF THE 1ST
Northville Eclipse batting - Pitching for Phoenix Hotspur Youth : RHP José Correa
Pitching: RHP José Correa
Batting: LHB Rafael Urrutiz 0-0: Ball
1-0: Swinging Strike
1-1: Foul Ball, location: 2F
1-2: Strikes out swinging
Batting: LHB Harry Cornelis 0-0: Foul Ball, location: 2F
0-1: Ball
1-1: Ball
2-1: Called Strike
2-2: Foul Ball, location: 2F
2-2: Ball
3-2: SINGLE (Line Drive, 4M, EV 98.8 MPH)
Batting: LHB Jon Ellender 0-0: Foul Ball, location: 2F
0-1: Ball
1-1: Ball
2-1: Swinging Strike
2-2: Ball
3-2: Strikes out swinging
Batting: RHB Ik-jun Cho 0-0: Ball
1-0: Foul Ball, location: 2F
1-1: Ball
2-1: Called Strike
2-2: Ball
3-2: Base on Balls
Harry Cornelis to second
Batting: RHB Daron Mack 0-0: Foul Ball, location: 2F
0-1: Swinging Strike
0-2: Strikes out swinging
Bottom of the 1st over - 0 runs, 1 hit, 0 errors, 2 left on base; Phoenix Hotspur 0 - Northville 0
TOP OF THE 2ND
Phoenix Hotspur Youth batting - Pitching for Northville Eclipse : LHP Ryson Polonius
Batting: RHB Eugene McClellan 0-0: Swinging Strike
0-1: Fly out, F9 (Line Drive, 9, EV 94.4 MPH)
Batting: RHB Nathan Pruitt 0-0: Ball
1-0: Ball
2-0: Called Strike
2-1: Called Strike
2-2: Fly out, F7 (Flyball, 7D, EV 94.4 MPH)
Batting: RHB Frank Ray 0-0: Swinging Strike
0-1: Ball
1-1: Ball
2-1: Ball
3-1: Called Strike
3-2: Ground out 3-1 (Groundball, 34, EV 79.4 MPH)
Top of the 2nd over - 0 runs, 0 hits, 0 errors, 0 left on base; Phoenix Hotspur 0 - Northville 0
BOTTOM OF THE 2ND
Northville Eclipse batting - Pitching for Phoenix Hotspur Youth : RHP José Correa
Batting: RHB Josip Primorac 0-0: Ball
1-0: Ball
2-0: Fly out, F9 (Line Drive, 9, EV 85.6 MPH)
Batting: RHB Curt Taylor 0-0: Ball
1-0: Foul Ball, location: 2F
1-1: Foul Ball, location: 2F
1-2: Ball
2-2: Ball
3-2: Fly out, F8 (Flyball, 8RS, EV 91.2 MPH)
Batting: RHB Chris McBride 0-0: Ball
1-0: Ball
2-0: Foul Ball, location: 2F
2-1: Ball
3-1: SINGLE (Line Drive, 7LS, EV 109.4 MPH)
Batting: RHB Wade Tazewell 0-0: Ball
1-0: Ground out 4-3 (Groundball, 4S, EV 82.5 MPH)
Bottom of the 2nd over - 0 runs, 1 hit, 0 errors, 1 left on base; Phoenix Hotspur 0 - Northville 0
TOP OF THE 3RD
Phoenix Hotspur Youth batting - Pitching for Northville Eclipse : LHP Ryson Polonius
Batting: LHB Keith York 0-0: Ball
1-0: Swinging Strike
1-1: Called Strike
1-2: Ball
2-2: Ground out 1-3 (Groundball, P, EV 87.5 MPH)
Batting: RHB Ronnie Wise 0-0: Ball
1-0: Ball
2-0: Ball
3-0: Called Strike
3-1: Base on Balls
Batting: RHB Miguel Villarreal 0-0: Ball
1-0: Ball
2-0: Called Strike
2-1: Foul Ball, location: 2F
2-2: Strikes out swinging
Ronnie Wise steals 2nd, throwing error, E2
Ronnie Wise to third
Pitching: LHP Jason Gilbert
Batting: LHB Carel Oskamp 0-0: Ball
1-0: Swinging Strike
1-1: Ground out 6-3 (Groundball, 6, EV 81.2 MPH)
Top of the 3rd over - 0 runs, 0 hits, 1 error, 1 left on base; Phoenix Hotspur 0 - Northville 0
BOTTOM OF THE 3RD
Northville Eclipse batting - Pitching for Phoenix Hotspur Youth : RHP José Correa
Batting: LHB Rafael Urrutiz 0-0: Ball
1-0: Foul Ball, location: 2F
1-1: Ball
2-1: Foul Ball, location: 2F
2-2: Strikes out swinging
Batting: LHB Harry Cornelis 0-0: Ball
1-0: Ball
2-0: Ball
3-0: Base on Balls
Batting: LHB Jon Ellender 0-0: Ball
1-0: Called Strike
1-1: Ball
2-1: DOUBLE (Line Drive, 78D, EV 104.4 MPH)
Harry Cornelis to third
Runner from 3rd tries for Home, throw by CF and OUT! 8-6-2
Batting: RHB Ik-jun Cho 0-0: Called Strike
0-1: Called Strike
0-2: Ball
1-2: 2-RUN HOME RUN (Line Drive, 78XD, EV 95.6 MPH), Distance : 448 ft
Batting: RHB Daron Mack 0-0: Ball
1-0: Ball
2-0: Called Strike
2-1: Ball
3-1: Base on Balls
Batting: RHB Josip Primorac 0-0: Ball
1-0: Swinging Strike
1-1: Called Strike
1-2: Foul Ball, location: 2F
1-2: Foul Ball, location: 2F
1-2: Single, Error in OF, E9, batter to second base (Line Drive, 9LS, EV 91.9 MPH)
Daron Mack to third
Batting: RHB Curt Taylor 0-0: Ball
1-0: Ground out 6-3 (Groundball, 6, EV 93.8 MPH)
Bottom of the 3rd over - 2 runs, 3 hits, 1 error, 2 left on base; Phoenix Hotspur 0 - Northville 2
TOP OF THE 4TH
Phoenix Hotspur Youth batting - Pitching for Northville Eclipse : LHP Jason Gilbert
Batting: RHB Hal Larson 0-0: Swinging Strike
0-1: Ball
1-1: SINGLE (Line Drive, 56D, EV 96.9 MPH)
Batting: RHB Peer Kattenberg 0-0: Ball
1-0: Ball
2-0: Foul Ball, location: 2F
2-1: Ball
3-1: Swinging Strike
3-2: Foul Ball, location: 2F
3-2: Foul Ball, location: 2F
3-2: Foul Ball, location: 2F
3-2: Base on Balls
Hal Larson to second
Batting: RHB Eugene McClellan 0-0: Foul Ball, location: 2F
0-1: Ball
1-1: Called Strike
1-2: SINGLE (Groundball, 56D, EV 103.1 MPH)
Hal Larson to third
Peer Kattenberg to second
Batting: RHB Nathan Pruitt 0-0: Called Strike
0-1: Ball
1-1: Foul Ball, location: 2F
1-2: Ball
2-2: Ball
3-2: Base on Balls
Hal Larson scores
Peer Kattenberg to third
Eugene McClellan to second
Batting: RHB Frank Ray 0-0: Foul Ball, location: 2F
0-1: Ball
1-1: Foul Ball, location: 2F
1-2: Ball
2-2: Ball
3-2: Foul Ball, location: 2F
3-2: Foul Ball, location: 2F
3-2: Foul Ball, location: 2F
3-2: Base on Balls
Peer Kattenberg scores
Eugene McClellan to third
Nathan Pruitt to second
Batting: LHB Keith York 0-0: Called Strike
0-1: Swinging Strike
0-2: Ball
1-2: Foul Ball, location: 2F
1-2: Strikes out swinging
Batting: RHB Ronnie Wise 0-0: Swinging Strike
0-1: Foul Ball, location: 2F
0-2: Ball
1-2: Ball
2-2: Foul Ball, location: 2F
2-2: Strikes out swinging
Batting: RHB Miguel Villarreal 0-0: Ball
1-0: Swinging Strike
1-1: Called Strike
1-2: Strikes out swinging
Top of the 4th over - 2 runs, 2 hits, 0 errors, 3 left on base; Phoenix Hotspur 2 - Northville 2
BOTTOM OF THE 4TH
Northville Eclipse batting - Pitching for Phoenix Hotspur Youth : RHP José Correa
Batting: RHB Chris McBride 0-0: Ball
1-0: Ball
2-0: Ground out 2-3 (Groundball, 15S, EV 65.0 MPH)
Batting: RHB Wade Tazewell 0-0: Foul Ball, location: 2F
0-1: Ball
1-1: SINGLE (Groundball, 56D, EV 96.2 MPH)
Batting: LHB Rafael Urrutiz 0-0: Foul Ball, location: 2F
0-1: Swinging Strike
0-2: Strikes out looking
Batting: LHB Harry Cornelis 0-0: Called Strike
0-1: Swinging Strike
0-2: Ball
1-2: Foul Ball, location: 2F
1-2: Ball
2-2: Fly out, F7 (Flyball, 7S, EV 88.8 MPH)
Bottom of the 4th over - 0 runs, 1 hit, 0 errors, 1 left on base; Phoenix Hotspur 2 - Northville 2
TOP OF THE 5TH
Phoenix Hotspur Youth batting - Pitching for Northville Eclipse : LHP Jason Gilbert
Batting: LHB Carel Oskamp 0-0: Ball
1-0: Ball
2-0: SINGLE (Groundball, 4MD, EV 96.9 MPH)
Batting: RHB Hal Larson 0-0: Sac Bunt to 13S - play at second, runner OUT! 1-6
Batting: RHB Peer Kattenberg 0-0: Ball
1-0: Ball
2-0: Foul Ball, location: 2F
2-1: Ball
3-1: Base on Balls
Hal Larson to second
Batting: RHB Eugene McClellan 0-0: Called Strike
0-1: Fielders Choice at 2nd, 4-6 (Groundball, 4, EV 76.9 MPH)
Hal Larson to third
Batting: RHB Nathan Pruitt 0-0: Ball
1-0: Ball
2-0: Ball
3-0: Base on Balls
Eugene McClellan to second
Batting: RHB Frank Ray 0-0: DOUBLE (Line Drive, 89D, EV 109.4 MPH)
Hal Larson scores
Eugene McClellan scores
Nathan Pruitt to third
Runner from 3rd tries for Home, SAFE, throw by CF to home
Pitching: LHP Kyle Garlick
Batting: LHB Keith York 0-0: Foul Ball, location: 2F
0-1: Ball
1-1: Fly out, F8 (Line Drive, 8RM, EV 94.4 MPH)
Top of the 5th over - 3 runs, 2 hits, 0 errors, 1 left on base; Phoenix Hotspur 5 - Northville 2
BOTTOM OF THE 5TH
Northville Eclipse batting - Pitching for Phoenix Hotspur Youth : RHP José Correa
Batting: LHB Jon Ellender 0-0: Called Strike
0-1: Called Strike
0-2: Ball
1-2: Foul Ball, location: 2F
1-2: Ball
2-2: Ball
3-2: Base on Balls
Batting: RHB Ik-jun Cho 0-0: Ball
1-0: Called Strike
1-1: Ball
2-1: SINGLE (Line Drive, 6MD, EV 96.2 MPH)
Jon Ellender to second
Batting: RHB Daron Mack 0-0: Foul Ball, location: 2F
0-1: Ball
1-1: Ball
2-1: SINGLE (Line Drive, 7LM, EV 111.9 MPH)
Jon Ellender to third
Ik-jun Cho to second
Batting: RHB Josip Primorac 0-0: Ball
1-0: Called Strike
1-1: Foul Ball, location: 2F
1-2: SINGLE (Line Drive, 78S, EV 100.6 MPH)
Jon Ellender scores
Ik-jun Cho to third
Daron Mack to second
Pitching: RHP Benjie Cacdac
Batting: RHB Curt Taylor 0-0: Ball
1-0: Called Strike
1-1: Fly out, F7 (Flyball, 7, EV 81.2 MPH)
Runner from 3rd tags up, SCORES, throw by LF
Daron Mack to third
Batting: RHB Chris McBride 0-0: Ball
1-0: Ball
2-0: Ball
3-0: Base on Balls
Josip Primorac to second
Batting: RHB Wade Tazewell 0-0: Called Strike
0-1: Called Strike
0-2: Foul Ball, location: 2F
0-2: Strikes out swinging
Batting: LHB Rafael Urrutiz 0-0: Swinging Strike
0-1: Foul Ball, location: 2F
0-2: Ball
1-2: Strikes out swinging
Bottom of the 5th over - 2 runs, 3 hits, 0 errors, 3 left on base; Phoenix Hotspur 5 - Northville 4
TOP OF THE 6TH
Phoenix Hotspur Youth batting - Pitching for Northville Eclipse : LHP Kyle Garlick
Batting: RHB Ronnie Wise 0-0: Foul Ball, location: 2F
0-1: Swinging Strike
0-2: Ball
1-2: Ball
2-2: Foul Ball, location: 2F
2-2: Foul Ball, location: 2F
2-2: Strikes out swinging
Batting: RHB Miguel Villarreal 0-0: Ball
1-0: Ground out 6-3 (Groundball, 6, EV 76.9 MPH)
Batting: LHB Carel Oskamp 0-0: Ball
1-0: Called Strike
1-1: Ground out U3 (Groundball, 34, EV 84.4 MPH)
Top of the 6th over - 0 runs, 0 hits, 0 errors, 0 left on base; Phoenix Hotspur 5 - Northville 4
BOTTOM OF THE 6TH
Northville Eclipse batting - Pitching for Phoenix Hotspur Youth : RHP Benjie Cacdac
Batting: LHB Harry Cornelis 0-0: Called Strike
0-1: Ball
1-1: Ball
2-1: Foul Ball, location: 2F
2-2: Foul Ball, location: 2F
2-2: Strikes out swinging
Batting: LHB Jon Ellender 0-0: Foul Ball, location: 2F
0-1: Ball
1-1: Ball
2-1: Swinging Strike
2-2: Ball
3-2: Fly out, F5 (Popup, 5SF, EV 73.1 MPH)
Batting: RHB Ik-jun Cho 0-0: Called Strike
0-1: Ground out 4-3 (Groundball, 4M, EV 93.1 MPH)
Bottom of the 6th over - 0 runs, 0 hits, 0 errors, 0 left on base; Phoenix Hotspur 5 - Northville 4
TOP OF THE 7TH
Phoenix Hotspur Youth batting - Pitching for Northville Eclipse : LHP Kyle Garlick
Batting: RHB Hal Larson 0-0: Ball
1-0: Ball
2-0: Foul Ball, location: 2F
2-1: Fly out, F9 (Line Drive, 9, EV 86.9 MPH)
Batting: RHB Peer Kattenberg 0-0: Called Strike
0-1: Ball
1-1: Foul Ball, location: 2F
1-2: Ball
2-2: Ball
3-2: Foul Ball, location: 2F
3-2: SOLO HOME RUN (Flyball, 8RXD, EV 113.1 MPH), Distance : 460 ft
Batting: RHB Eugene McClellan 0-0: Ball
1-0: Called Strike
1-1: Ball
2-1: Swinging Strike
2-2: Ground out 1-3 (Groundball, 34S, EV 63.1 MPH)
Batting: RHB Nathan Pruitt 0-0: Called Strike
0-1: Ball
1-1: Swinging Strike
1-2: Ball
2-2: Foul Ball, location: 2F
2-2: Fly out, F7 (Flyball, 7S, EV 90.6 MPH)
Top of the 7th over - 1 run, 1 hit, 0 errors, 0 left on base; Phoenix Hotspur 6 - Northville 4
BOTTOM OF THE 7TH
Northville Eclipse batting - Pitching for Phoenix Hotspur Youth : RHP Benjie Cacdac
Batting: RHB Daron Mack 0-0: Called Strike
0-1: Foul Ball, location: 2F
0-2: Ball
1-2: Ball
2-2: Ball
3-2: Strikes out swinging, 2-3 out at first.
Batting: RHB Josip Primorac 0-0: Ball
1-0: Foul Ball, location: 2F
1-1: Swinging Strike
1-2: Strikes out swinging
Batting: RHB Curt Taylor 0-0: Ball
1-0: SINGLE (Groundball, 56D, EV 104.4 MPH)
Batting: RHB Chris McBride 0-0: Ball
1-0: Called Strike
1-1: Called Strike
1-2: Ground out 4-3 (Groundball, 4, EV 103.1 MPH)
Bottom of the 7th over - 0 runs, 1 hit, 0 errors, 1 left on base; Phoenix Hotspur 6 - Northville 4
TOP OF THE 8TH
Phoenix Hotspur Youth batting - Pitching for Northville Eclipse : LHP Kyle Garlick
Batting: RHB Frank Ray 0-0: Ball
1-0: Called Strike
1-1: Foul Ball, location: 2F
1-2: Ball
2-2: Strikes out looking
Batting: LHB Keith York 0-0: Called Strike
0-1: Called Strike
0-2: Ball
1-2: Strikes out swinging
Batting: RHB Ronnie Wise 0-0: Ball
1-0: Called Strike
1-1: Ball
2-1: Swinging Strike
2-2: Ground out 6-3 (Groundball, 6, EV 103.8 MPH)
Top of the 8th over - 0 runs, 0 hits, 0 errors, 0 left on base; Phoenix Hotspur 6 - Northville 4
BOTTOM OF THE 8TH
Northville Eclipse batting - Pitching for Phoenix Hotspur Youth : RHP Benjie Cacdac
Batting: RHB Wade Tazewell 0-0: Ball
1-0: Foul Ball, location: 2F
1-1: Called Strike
1-2: Strikes out looking
Batting: LHB Rafael Urrutiz 0-0: Ball
1-0: Ball
2-0: Called Strike
2-1: DOUBLE (Line Drive, 9LM, EV 111.9 MPH)
Pitching: LHP Dan Bell
Batting: LHB Harry Cornelis 0-0: Ball
1-0: Foul Ball, location: 2F
1-1: Ball
2-1: Foul Ball, location: 2F
2-2: Ball
3-2: Strikes out swinging
Batting: LHB Jon Ellender 0-0: Foul Ball, location: 2F
0-1: Foul Ball, location: 2F
0-2: Foul Ball, location: 2F
0-2: Foul Ball, location: 2F
0-2: Ball
1-2: Fly out, F7 (Flyball, 7LS, EV 92.5 MPH)
Bottom of the 8th over - 0 runs, 1 hit, 0 errors, 1 left on base; Phoenix Hotspur 6 - Northville 4
TOP OF THE 9TH
Phoenix Hotspur Youth batting - Pitching for Northville Eclipse : LHP Kyle Garlick
Pitching: LHP Chang-hoon Park
Batting: RHB Miguel Villarreal 0-0: Called Strike
0-1: Foul Ball, location: 2F
0-2: Strikes out swinging
Batting: LHB Carel Oskamp 0-0: Ball
1-0: Foul Ball, location: 2F
1-1: Ground out 4-3 (Groundball, 4, EV 83.8 MPH)
Batting: RHB Hal Larson 0-0: Ball
1-0: Ball
2-0: Ball
3-0: Called Strike
3-1: Base on Balls
Batting: RHB Peer Kattenberg 0-0: Foul Ball, location: 2F
0-1: Ball
1-1: Foul Ball, location: 2F
1-2: Ball
2-2: Strikes out swinging
Top of the 9th over - 0 runs, 0 hits, 0 errors, 1 left on base; Phoenix Hotspur 6 - Northville 4
BOTTOM OF THE 9TH
Northville Eclipse batting - Pitching for Phoenix Hotspur Youth : LHP Dan Bell
Batting: RHB Ik-jun Cho 0-0: Ball
1-0: Called Strike
1-1: Foul Ball, location: 2F
1-2: Ground out 6-3 (Groundball, 6, EV 97.5 MPH)
Batting: RHB Daron Mack 0-0: Foul Ball, location: 2F
0-1: Ball
1-1: Ball
2-1: Ground out 1-3 (Groundball, P, EV 83.8 MPH)
Batting: RHB Josip Primorac 0-0: Called Strike
0-1: Ground out 4-3 (Groundball, 4, EV 83.1 MPH)
Bottom of the 9th over - 0 runs, 0 hits, 0 errors, 0 left on base; Phoenix Hotspur 6 - Northville 4
Friday, April 17th, 2020 - OOTP Baseball 20.8 Build 74